 Dungeon Crawl Stone Soup version 0.18-a0-1203-gbde16db (webtiles) character file.

30 RHO557 the Insei (level 3, 0/26 HPs)
             Began as a Demonspawn Transmuter on Feb 1, 2016.
             Succumbed to an adder's poison
             ... on level 2 of the Dungeon.
             The game lasted 00:11:25 (1563 turns).

RHO557 the Insei (Demonspawn Transmuter)            Turns: 1563, Time: 00:11:25

Health: 0/26       AC:  8    Str: 11    XL:     3   Next: 5%
Magic:  6/6        EV:  4    Int: 14    God:
Gold:   129        SH:  3    Dex: 13    Spells: 1 memorised, 5 levels left

rFire  . . .     SeeInvis .       - Unarmed
rCold  . . .     Gourm    .     j - +0 chain mail
rNeg   . . .     Faith    .     r - +0 buckler (curse)
rPois  .         Spirit   .     (no helmet)
rElec  .         Dismiss  .     (no cloak)
rCorr  .         Reflect  .     (no gloves)
SustAt .         Harm     .     (no boots)
MR     .....                    (no amulet)
Stlth  ..........               (no ring)
                                e - +3 ring of slaying

@: lethally poisoned (0 -> -4), not resistant to hostile enchantments, extremely
unstealthy
A: claws 1, nightstalker 1
a: no special abilities


You were on level 2 of the Dungeon.
You were not hungry.

You visited 1 branch of the dungeon, and saw 2 of its levels.

You collected 129 gold pieces.

Inventory:

Missiles
 a - 30 arrows
 g - 14 arrows of flame
Armour
 b - a +0 robe
 j - a +0 chain mail (worn)
 r - a cursed +0 buckler (worn)
Jewellery
 e - a +3 ring of slaying (left claw)
Scrolls
 f - a scroll of fear
 p - a scroll of teleportation {unknown}
 s - a scroll of identify
Potions
 h - a potion of brilliance
 i - a potion of lignification
 k - a potion of heal wounds {unknown}
 l - a potion of curing {unknown}
 m - a potion of agility {unknown}
 o - a potion of might {unknown}
Books
 c - a book of Changes

   Spells                             Type                      Level
   a - Beastly Appendage              Transmutation                1
   b - Sticks to Snakes               Transmutation                2
   c - Spider Form                    Transmutation/Poison         3
   d - Ice Form                       Ice/Transmutation            4
   e - Blade Hands                    Transmutation                5
Comestibles
 d - 4 bread rations
 n - 8 fruits
 q - a chunk of flesh


   Skills:
 - Level 1.0 Fighting
 - Level 1.7 Dodging
 * Level 3.3 Unarmed Combat
 + Level 2.2 Spellcasting
 + Level 2.2 Transmutations


You had 5 spell levels left.
You knew the following spells:

 Your Spells              Type           Power        Failure   Level  Hunger
a - Beastly Appendage     Trmt           #.....       100%        1    #......


Dungeon Overview and Level Annotations

Branches:
Dungeon (2/15)

Altars:
Pakellas


Innate Abilities, Weirdness & Mutations

You have sharp fingernails.
You are slightly more attuned to the shadows.


Message History

You hear a shout!
You miss the giant newt. You block the giant newt's attack.
You miss the giant newt. The giant newt bites you.
* * * LOW HITPOINT WARNING * * *
You miss the giant newt. You block the adder's attack.
You block the giant newt's attack.
You closely miss the giant newt. The adder bites you.
* * * LOW HITPOINT WARNING * * *
The giant newt bites you but does no damage.
The adder bites you but does no damage.
You scratch the giant newt.
You kill the giant newt!
The adder bites you but does no damage.
You closely miss the adder. The adder bites you.
* * * LOW HITPOINT WARNING * * *
You are lethally poisoned!
The adder poisons you!
You claw the adder!
The adder is severely wounded.
You die...

.# ...#......>####.# ..
.....#...... #
#####.#.######## ..#
......#......# ..# .
.............# ..# ..
.............# ..#..
.......#.....# ...
.......'S....####†##...
.......#.....#..@...!..
.......#.....#.S.......
.......#.....#.........
.......####..().....###
.......# ####......#
######## #......#
#......# #......#
#......#


You could see an adder.

Vanquished Creatures
  An ooze (D:2)
  A worm (D:2)
  3 hobgoblins
  6 kobolds
  2 bats (D:2)
  7 giant newts
  2 goblins (D:1)
  3 rats
25 creatures vanquished.

Notes
Turn   | Place    | Note
--------------------------------------------------------------
     0 | D:1      | RHO557 the Demonspawn Transmuter began the quest for the Orb.
     0 | D:1      | Reached XP level 1. HP: 15/15 MP: 3/3
   516 | D:1      | Gained mutation: You are slightly more attuned to the shadows. [demonic ancestry]
   516 | D:1      | Reached XP level 2. HP: 18/21 MP: 5/5
   531 | D:1      | Reached skill level 3 in Unarmed Combat
  1279 | D:2      | Found an oddly glowing altar of Pakellas.
  1453 | D:2      | Gained mutation: You have sharp fingernails. [demonic ancestry]
  1453 | D:2      | Reached XP level 3. HP: 26/26 MP: 4/6
  1454 | D:2      | HP: 1/26 [kobold/whip of distortion (25)]
  1562 | D:2      | HP: 1/26 [adder (4)]
  1563 | D:2      | Succumbed to an adder's poison

Vault maps used:
D:1:      mrwooster_arrival_statue, minmay_newt_pond
D:2:      old_standard_altar, first_bread

Action                   || total
-------------------------++-------
Melee: Unarmed           ||    79
 Cast: Beastly Appendage ||     1
  Use: Scroll            ||     3
  Eat: Chunk             ||     2
